Map: King's Cove LE

Players

Starlord - Winner!

  • Race: Zerg Zerg
  • League: Master
  • Spawn Location: 5:00

GnuGnu

  • Race: Protoss Protoss
  • League: Master
  • Spawn Location: 11:00

VOD

https://youtu.be/xOPClgVW_MA

Description

Time

  • Played on: July 29, 2019, 8:42 p.m.
  • Length: 9:57
Show
View Real Time Build Order
Export as new Build Order

Starlord Zerg - Winner!

Build Orders: Hatch First 

Get SALT Encoding   

  12  0:01  Drone  
  13  0:12  Overlord  
  13  0:18  Drone  
  14  0:31  Drone x2  
  14  0:35  Drone  
  17  0:48  Drone  
  18  1:00  Drone  
  18  1:01  Hatchery  
  18  1:10  Extractor  
  17  1:15  Spawning Pool  
  16  1:18  Drone  
  17  1:26  Drone  
  18  1:47  Drone  
  18  1:48  Drone  
  20  1:59  Overlord  
  20  2:03  Drone  
  21  2:14  Drone  
  22  2:18  Queen  
  22  2:19  Zergling x2  
  26  2:24  Lair  
  26  2:26  Zergling x2  
  26  2:27  Drone  
  26  2:34  Drone  
  27  2:37  Drone  
  28  2:47  Drone x2  
  30  2:53  Queen  
  32  2:59  Hatchery  
  32  3:05  Overlord  
  31  3:06  Drone  
  31  3:10  Metabolic Boost  
  32  3:13  Zergling x2  
  32  3:15  Zergling x2  
  32  3:17  Overlord  
  34  3:28  Zergling x8  
  38  3:37  Drone x4  
  42  3:53  Drone x2  
  42  3:55  Overlord  
  44  3:58  Overlord  
  44  4:02  Extractor  
  44  4:06  Queen, Evolution Chamber  
  44  4:10  Spore Crawler  
  44  4:12  Drone x3  
  44  4:14  Drone  
  47  4:25  Drone x4  
  47  4:27  Drone x2  
  51  4:40  Drone  
  51  4:41  Drone x6  
  51  4:45  Drone x2  
  57  4:57  Zergling x6  
  57  4:58  Zergling x2  
  60  5:04  Zergling x6  
  62  5:07  Zerg Melee Weapons Level 1  
  62  5:08  Queen  
  62  5:09  Baneling Nest  
  62  5:17  Overlord x2  
  62  5:21  Pneumatized Carapace  
  62  5:22  Zergling x8  
  66  5:35  Queen  
  67  5:45  Zergling x16  
  75  5:54  Zergling x12  
  75  5:56  Baneling x6  
  79  6:08  Zergling x6  
  79  6:09  Baneling x4  
  78  6:22  Zergling x8  
  75  6:40  Zergling x14  
  82  6:52  Overlord x3  
  82  6:57  Centrifical Hooks  
  82  7:01  Hatchery  
  82  7:04  Spore Crawler  
  82  7:06  Hatchery, Baneling  
  82  7:07  Baneling x3  
  82  7:08  Zerg Melee Weapons Level 2, Hatchery  
  78  7:09  Zergling x4  
  80  7:17  Overlord  
  80  7:19  Zergling x10  
  84  7:28  Zergling x2  
  84  7:29  Zergling x4  
  84  7:33  Spine Crawler  
  84  7:34  Zergling x4, Spine Crawler  
  83  7:37  Baneling x4  
  83  7:38  Baneling  
  83  7:39  Baneling x3  
  81  7:49  Zergling x12  
  82  7:57  Zergling x8  
  70  8:09  Zergling x8  
  68  8:16  Zergling x2  
  69  8:20  Queen x2  
  69  8:25  Queen  
  75  8:27  Drone x3  
  75  8:33  Zergling x2  
  75  8:34  Zergling x2  
  80  8:41  Zergling x8  
  82  8:49  Zergling x14  
  89  8:55  Baneling  
  89  8:56  Baneling x6  
  89  8:57  Baneling  
  89  8:58  Baneling x8  
  89  9:07  Zergling x12  
  95  9:11  Baneling x4  
  95  9:17  Zergling x6  
  95  9:18  Zergling x6  
  95  9:19  Baneling x2  
Show
View Real Time Build Order
Export as new Build Order

GnuGnu Protoss 

Build Orders: 1 Gate Expand 

Get SALT Encoding   

  12  0:00  Probe  
  13  0:13  Probe  
  14  0:19  Pylon  
  14  0:24  Probe  
  15  0:33  Probe  
  15  0:38  Assimilator  
  15  0:41  Probe  
  16  0:48  Gateway  
  17  0:51  Probe  
  18  1:04  Probe  
  19  1:16  Probe  
  20  1:31  Probe  
  21  1:39  Nexus  
  21  1:44  Cybernetics Core  
  21  1:49  Pylon  
  21  1:54  Assimilator  
  21  1:57  Probe  
  22  2:09  Probe  
  22  2:12  Adept  
  23  2:21  Probe  
  26  2:28  Robotics Facility  
  26  2:33  Probe  
  26  2:35  Twilight Council  
  27  2:45  Warp Gate, Probe  
  27  2:49  Stalker  
  30  2:52  Probe  
  31  2:58  Probe  
  31  3:00  Probe  
  32  3:07  Immortal  
  32  3:10  Probe  
  37  3:20  Probe  
  38  3:30  Gateway  
  38  3:31  Probe  
  38  3:32  Probe  
  40  3:43  Probe  
  40  3:44  Probe  
  40  3:45  Immortal  
  40  3:46  Charge  
  42  3:52  Pylon  
  46  4:04  Shield Battery  
  46  4:15  Warp Prism  
  46  4:27  Gateway  
  47  4:34  Zealot x2  
  47  4:38  Shield Battery  
  49  4:58  Probe x2  
  49  5:14  Probe x2  
  49  5:19  Zealot  
  53  5:26  Pylon  
  53  5:28  Pylon  
  53  5:39  Pylon, Probe  
  54  5:44  Probe  
  54  5:46  Gateway  
  55  5:50  Gateway  
  55  5:52  Gateway  
  55  5:55  Gateway, Zealot x2  
  59  6:00  Zealot  
  59  6:15  Zealot  
  59  6:28  Zealot x2  
  59  6:29  Probe  
  59  6:30  Probe  
  65  6:43  Immortal  
  55  6:50  Zealot x6  
  71  6:54  Pylon  
  71  7:11  Stalker x2  
  71  7:12  Stalker x2  
  71  7:14  Stalker  
  71  7:15  Zealot x2  
  73  7:38  Zealot  
  73  7:39  Zealot x2  
  73  7:42  Stalker x3  
  47  8:31  Zealot  
  47  8:32  Zealot x5  
  47  8:33  Zealot  
  61  8:34  Probe  
  52  9:19  Stalker x2  
  52  9:21  Stalker  
Tags
 
Add a new tag
Caveats
  • Supply blocks, unpowered buildings, or Contaminate may cause inaccurate times.
  • Supply counts are checked every 10 seconds.